 Dungeon Crawl Stone Soup version 0.29-a0-2-g12fcac58f8 (webtiles) character file.

Game seed: 11576449815297419738

8882 dolemite99 the Spear-Bearer (level 11, -1/77 HPs)
             Began as an Octopode Monk on Jan 27, 2022.
             Was an Elder of Okawaru.
             Killed from afar by an acid dragon (25 damage)
             ... with a splash of acid
             ... on level 10 of the Dungeon.
             The game lasted 00:15:44 (15862 turns).

dolemite99 the Spear-Bearer (Octopode Monk)        Turns: 15862, Time: 00:15:45

Health: -1/77      AC: -3    Str: 11    XL:     11   Next: 37%
Magic:  7/12       EV: 17    Int: 14    God:    Okawaru [****..]
Gold:   572        SH:  6    Dex: 17    Spells: 10/10 levels left

rFire   + . .      SeeInvis .   a - +1 demon trident of the Eternal Void {venom, rPois Str-2 Int+2}
rCold   . . .      Faith    .   t - +0 buckler
rNeg    + . .      Spirit   .   (helmet restricted)
rPois   +          Reflect  .   (no amulet)
rElec   .          Harm     .   z - ring of positive energy
rCorr   .          Rampage  .   y - ring of protection from fire
Will    .....                   (no ring)
Stlth   +++.......              (no ring)
HPRegen 0.22/turn               (no ring)
MPRegen 0.13/turn               (no ring)
                                (no ring)
                                (no ring)

@: corroded
A: almost no armour, amphibious, 8 rings, camouflage 1, gelatinous body 1,
(nimble swimmer 1), tentacles
a: Renounce Religion, Heroism, Finesse


You were on level 10 of the Dungeon.
You worshipped Okawaru.
Okawaru was greatly pleased with you.
You visited 1 branch of the dungeon, and saw 10 of its levels.

You collected 572 gold pieces.

Inventory:

Hand Weapons
 a - the +1 demon trident of the Eternal Void (weapon) {venom, rPois Str-2 Int+2}
   (Okawaru gifted it to you on level 9 of the Dungeon)

   It poisons the flesh of those it strikes.
   Str:       It affects your strength (-2).
   Int:       It affects your intelligence (+2).
   rPois:     It protects you from poison.
 b - a +1 hunting sling
 f - a +1 trident of freezing
 n - a +1 spear
Missiles
 c - 145 stones
 i - 3 throwing nets
 p - 45 sling bullets
Armour
 t - a +0 buckler (worn)
Magical Staves
 l - a staff of conjuration
Jewellery
 s - a ring of ice
 y - a ring of protection from fire (right tentacle)
 z - a ring of positive energy (left tentacle)
Wands
 q - a wand of flame (6) (quivered)
Scrolls
 g - 2 scrolls of teleportation
 j - 2 scrolls of vulnerability
 m - a scroll of magic mapping
 v - 3 scrolls of immolation
Potions
 d - 3 potions of magic
 e - 2 potions of curing
 h - a potion of might
 k - a potion of berserk rage {unknown}
 o - a potion of lignification {unknown}
 r - 2 potions of ambrosia
 u - a potion of degeneration
 w - 2 potions of attraction
 x - a potion of flight
 B - a potion of mutation {unknown}


   Skills:
 - Level 7.9 Fighting
 - Level 10.0 Polearms
 + Level 5.4 Slings
 - Level 8.2 Dodging
 - Level 2.6 Stealth
 - Level 8.0 Shields
 - Level 2.5 Invocations


You had 10 spell levels left.
You didn't know any spells.
Your spell library contained the following spells:

 Spells                   Type           Power      Damage    Failure   Level
 Apportation              Tloc           0%         N/A       34%         1
 Foxfire                  Conj/Fire      0%         2x1d4     34%         1
 Sublimation of Blood     Necr           0%         N/A       47%         2
 Gell's Gravitas          Tloc           0%         N/A       71%         3
 Ignite Poison            Fire/Tmut/Pois 0%         N/A       71%         3
 Lesser Beckoning         Tloc           0%         N/A       71%         3
 Mephitic Cloud           Conj/Pois/Air  0%         N/A       71%         3
 Teleport Other           Tloc           0%         N/A       71%         3
 Airstrike                Air            0%         N/A       98%         4
 Hailstorm                Conj/Ice       0%         3d3       98%         4
 Petrify                  Tmut/Erth      0%         N/A       98%         4
 Alistair's Intoxication  Tmut/Pois      0%         N/A       100%        5
 Freezing Cloud           Conj/Ice/Air   0%         6-21      100%        5
 Irradiate                Conj/Tmut      0%         3d13      100%        5
 Lightning Bolt           Conj/Air       0%         1d11      100%        5
 Summon Lightning Spire   Summ/Air       Unusable   N/A       N/A         4

Dungeon Overview and Level Annotations

Branches:
Dungeon (10/15)            Temple (0/1) D:7             Orc (0/2) D:9
   Lair: D:8-11

Altars:
Ashenzari
Gozag
Hepliaklqana
Kikubaaqudgha
Nemelex Xobeh
Okawaru
Trog

Annotations:
D:10 Sonja


Innate Abilities, Weirdness & Mutations

You cannot wear most types of armour.
You are amphibious.
You can wear up to eight rings at the same time.
Your skin changes colour to match your surroundings (Stealth+).
Your rubbery body absorbs attacks. (AC +1, EV +1)
((You are camouflaged when in or above water. (Stealth+)))
You have tentacles for arms and can constrict up to eight enemies at once.


Message History

The yak is almost dead.
You hit the yak.
You kill the yak!
Okawaru accepts your kill.
Your tentacles slow down.
You block the yak's attack.
You hit the yak but do no damage.
The yak is poisoned.
You tentacle-slap the yak, but do no damage.
You puncture the yak!
The yak looks even sicker.
The yak is moderately wounded.
You block the yak's attack.
You puncture the yak!
The yak looks as sick as possible!
The yak is heavily wounded.
The acid dragon closely misses you. The acid dragon claws you.
You puncture the yak!
The yak looks as sick as possible!
You squeeze the yak.
You kill the yak!
Okawaru accepts your kill. You block the acid dragon's attack.
The acid dragon closely misses you.
You hit the acid dragon. You tentacle-slap the acid dragon.
The acid dragon is moderately wounded.
The yak gores you!
You barely miss the acid dragon. You tentacle-slap the acid dragon.
Your squeeze misses the acid dragon.
The acid dragon is moderately wounded.
The acid dragon completely misses you. The acid dragon claws you.
You puncture the acid dragon! Your squeeze misses the acid dragon.
The acid dragon is almost dead.
The yak barely misses you.
You barely miss the acid dragon.
The acid dragon is almost dead.
The acid dragon spits acid at you. The splash of acid hits you!
* * * LOW HITPOINT WARNING * * *
The acid corrodes you! You block the yak's attack.
You hit the acid dragon.
The acid dragon is almost dead.
You feel like a meek peon again. The acid dragon spits acid at you.
The splash of acid hits you!!
You die...

.........# #
.........# #
.........# #
.........# #
.........# #..# #
.........# #..# #
.........# #..# #
..#####YD# #..# #
#@†# #..# #
#..#########..# #
#.............####
#.................
#[................
#...#######.......
#...# #.......
#...# #.......
#...# #.......


You could see a yak and an acid dragon (catching breath).

Vanquished Creatures
  2 two-headed ogres (D:10)
  Prince Ribbit (D:7)
  A troll (D:7)
  Sigmund (D:4)
  15 yaks
  A basilisk (D:9)
  Grum (D:8)
  Edmund (D:4)
  Menkaure (D:5)
  2 water moccasins (D:7)
  An ice beast (D:5)
  6 orc warriors (D:9)
  2 sky beasts (D:6)
  A black bear (D:5)
  2 ogres (D:6)
  3 wolves (D:8)
  A centaur (D:8)
  2 phantoms
  3 bullfrogs
  2 kobold brigands
  A scorpion (D:5)
  10 killer bees
  12 wights
  2 electric eels (D:9)
  4 centaur zombies
  2 jellies
  6 orc priests
  2 centaur skeletons (D:7)
  5 hounds
  A bullfrog skeleton (D:6)
  A gnoll shaman (D:8)
  3 iguanas
  3 orc wizards (D:9)
  A mummy (D:5)
  4 howler monkey zombies
  8 gnolls
  6 adders
  A white imp (D:5)
  2 ufetubi
  A dart slug (D:5)
  31 orcs
  11 ball pythons
  9 endoplasms
  3 giant cockroaches
  11 goblins
  6 hobgoblins
  10 jackals
  17 kobolds
  5 quokkas
  7 bats
  5 frilled lizards
  3 rats
  A spectral goblin (D:7)
243 creatures vanquished.

Vanquished Creatures (others)
  8 plants (D:6)
8 creatures vanquished.

Grand Total: 251 creatures vanquished

Notes
Turn   | Place    | Note
-------+----------+-------------------------------------------
     0 | D:1      | dolemite99 the Octopode Monk began the quest for the Orb.
     0 | D:1      | Reached XP level 1. HP: 16/16 MP: 1/1
    69 | D:1      | Reached XP level 2. HP: 9/21 MP: 2/2
   555 | D:1      | Reached skill level 4 in Polearms
   694 | D:1      | Reached XP level 3. HP: 26/26 MP: 3/3
   801 | D:1      | Found a faded altar of an unknown god.
   825 | D:1      | Prayed at the altar of an unknown god.
   825 | D:1      | Became a worshipper of Warmaster Okawaru
   825 | D:1      | Reached * piety under Okawaru
   825 | D:1      | Reached ** piety under Okawaru
  1614 | D:1      | Reached skill level 1 in Invocations
  2161 | D:2      | Reached XP level 4. HP: 25/31 MP: 3/5
  2574 | D:2      | Got the Grimoire of Frigorific Damage Dealing
  2845 | D:3      | Reached XP level 5. HP: 34/36 MP: 3/6
  2944 | D:3      | Reached skill level 5 in Polearms
  4089 | D:4      | Noticed Edmund
  4748 | D:4      | Killed Edmund
  4749 | D:4      | Reached skill level 6 in Polearms
  4749 | D:4      | Reached XP level 6. HP: 24/42 MP: 5/7
  5035 | D:4      | Noticed Sigmund
  5052 | D:4      | Killed Sigmund
  5052 | D:4      | Reached *** piety under Okawaru
  5053 | D:4      | Reached skill level 7 in Polearms
  5053 | D:4      | Reached XP level 7. HP: 24/46 MP: 6/8
  5510 | D:5      | Entered Level 5 of the Dungeon
  5512 | D:5      | Noticed Menkaure
  5964 | D:5      | Reached skill level 8 in Polearms
  6517 | D:5      | Reached skill level 9 in Polearms
  6517 | D:5      | Reached XP level 8. HP: 34/52 MP: 9/9
  6564 | D:5      | Killed Menkaure
  7371 | D:6      | Reached skill level 10 in Polearms
  8112 | D:6      | Reached **** piety under Okawaru
  8113 | D:6      | Reached skill level 5 in Dodging
  8480 | D:6      | Reached XP level 9. HP: 42/56 MP: 7/10
  8924 | D:7      | Found the +2 ratskin cloak {*Rats rPois rN+ Str-1 Int-1
                  | Dex+1}
  9111 | D:7      | Noticed Prince Ribbit
  9128 | D:7      | Killed Prince Ribbit
  9416 | D:7      | Found a hazy altar of Hepliaklqana.
 10143 | D:7      | Reached skill level 1 in Shields
 10163 | D:7      | Noticed a troll
 10165 | D:7      | Found a staircase to the Ecumenical Temple.
 10179 | D:7      | Killed a troll
 11096 | D:8      | Noticed Grum
 11114 | D:8      | Reached ***** piety under Okawaru
 11804 | D:8      | Reached skill level 5 in Shields
 12156 | D:8      | Reached XP level 10. HP: 53/63 MP: 11/11
 12517 | D:8      | Killed Grum
 13694 | D:8      | Reached skill level 5 in Fighting
 14295 | D:9      | Found an opulent altar of Gozag.
 14296 | D:9      | Found a bloodstained altar of Trog.
 14332 | D:9      | Found an iron altar of Okawaru.
 14333 | D:9      | Found a broken altar of Ashenzari.
 14334 | D:9      | Found a sparkling altar of Nemelex Xobeh.
 14334 | D:9      | Found an ancient bone altar of Kikubaaqudgha.
 14562 | D:9      | Identified the +1 demon trident of the Eternal Void {venom,
                  | rPois Str-2 Int+2} (Okawaru gifted it to you on level 9 of
                  | the Dungeon)
 14562 | D:9      | Received a gift from Okawaru
 14927 | D:9      | Reached XP level 11. HP: 72/75 MP: 9/12
 14969 | D:9      | Found a staircase to the Orcish Mines.
 14993 | D:10     | Entered Level 10 of the Dungeon
 15118 | D:10     | Noticed a two-headed ogre
 15129 | D:10     | Killed a two-headed ogre
 15266 | D:10     | Noticed a two-headed ogre
 15285 | D:10     | Killed a two-headed ogre
 15827 | D:10     | Noticed Sonja
 15843 | D:10     | Reached skill level 5 in Slings
 15862 | D:10     | Killed from afar by an acid dragon

Illustrated notes

Levels and vault maps discovered:
D:1:      amcnicky_arrival_wind_blow, layout_loops_ring,
          shapermc_ecumenical_altar_notcrosses
D:2:      layout_rooms, minmay_close_crescents
D:3:      layout_rooms
D:4:      layout_loops_cross, grunt_ministairs_6, uniq_edmund, uniq_sigmund
D:5:      layout_cave_pools, gup_ossuary_entry_pyramid, uniq_menkaure
D:6:      layout_cave_pools, lexackson_kobold_supper
D:7:      layout_loops_cross, nicolae_hepliaklqana_monster_ancestors,
          minmay_temple_entry_trees, uniq_prince_ribbit1
D:8:      layout_basic, uniq_grum
D:9:      layout_long_grid, chequers_temple_overflow_statue_of_worship,
          mainiacjoe_overflow_divided_tiny, erik_orc_2, enter_bailey_2
D:10:     layout_long_grid, uniq_sonja

Skill      XL: |  1  2  3  4  5  6  7  8  9 10 11 |
---------------+----------------------------------+-----
Polearms       | 4 6 7 9 10 | 10.0
Invocations    | 1 2 |  2.5
Dodging        | 6 8 |  8.2
Shields        | 5 8 |  8.0
Fighting       | 7 |  7.9
Slings         | 5 |  5.4
Stealth        | |  2.6

Action                   |  1- 3 |  4- 6 |  7- 9 | 10-12 || total
-------------------------+-------+-------+-------+-------++-------
Melee: Spear             |    80 |   122 |   290 |       ||   492
       Constrict         |    20 |    24 |    37 |    32 ||   113
       Tentacles         |    11 |    30 |    71 |    59 ||   171
       Punch             |       |     1 |    14 |    12 ||    27
       Trident           |       |       |    19 |   206 ||   225
       Demon trident     |       |       |       |    74 ||    74
 Fire: Hunting sling     |       |       |       |    19 ||    19
Throw: Stone             |    35 |    48 |    16 |    18 ||   117
       Dart              |       |     7 |    80 |       ||    87
Invok: Heroism           |       |     7 |    18 |    16 ||    41
       Finesse           |       |       |       |     6 ||     6
Evoke: Wand              |       |       |       |    39 ||    39
  Use: Scroll            |       |     5 |    14 |     2 ||    21
       Potion            |       |     2 |       |     4 ||     6
 Stab: Sleeping          |     5 |     1 |     2 |     2 ||    10
       Distracted        |       |     1 |     1 |       ||     2
Armor: Skin              |     8 |     1 |     6 |     5 ||    20
Dodge: Dodged            |    64 |    55 |   143 |   132 ||   394
Block: Buckler           |       |       |    18 |    60 ||    78

Table legend: (Time is in decaauts)
 A = Elapsed time spent in this place.
 B = Non-inter-level travel time spent in this place.
 C = Inter-level travel time spent in this place.
 D = Time resting spent in this place.
 E = Time spent auto-exploring this place.
 F = Levels seen in this place.
 G = Mean time per level.
                   A        B        C        D        E       F      G
               +--------+--------+--------+--------+--------+-----+--------+
         Total |  15578 |  15195 |    383 |   6972 |   5931 |  10 | 1557.8 |
       Dungeon |  15578 |  15195 |    383 |   6972 |   5931 |  10 | 1557.8 |
               +--------+--------+--------+--------+--------+-----+--------+

Top non-repeatable levels by time:
     D:8: 2570 daAuts
     D:6: 2560 daAuts
     D:4: 2420 daAuts
     D:1: 2031 daAuts
     D:5: 1286 daAuts
     D:7: 1265 daAuts
     D:9: 1257 daAuts
    D:10: 828 daAuts
     D:2: 794 daAuts
     D:3: 561 daAuts
